 Dungeon Sprint DCSS version 0.20-a0-1109-ge3cd172 (webtiles) character file.

55118 potatolord5000 the Impregnable (level 14, -5/155 HPs)
             Began as a Minotaur Fighter on May 5, 2017.
             Was an Initiate of Gozag.
             Slain by an Executioner (13 damage)
             ... summoned by Gloorx Vloq
             ... in the Dungeon (Sprint II: "The Violet Keep of Menkaure").
             The game lasted 00:38:48 (4890 turns).

potatolord5000 the Impregnable (Minotaur Fighter)   Turns: 4890, Time: 00:38:49

Health: -5/155     AC: 46    Str: 31      XL:     14   Next: 37%
Magic:  13/13      EV:  8    Int:  4 (5)  God:    Gozag
Gold:   5934       SH: 29    Dex: 14 (15) Spells: 13/13 levels left

rFire    . . .     SeeInvis +   b - +10 falchion "Ogrebane" {flame, Dex+4}
rCold    . . .     Gourm    .   h - +0 large shield (curse)
rNeg     . . .     Faith    .   v - +6 plate armour of Tenacity {Slay+2 SInv}
rPois    .         Spirit   .   d - +0 hat
rElec    .         Reflect  +   t - +0 cloak of Life {MR+ Slay+2 SInv}
rCorr    .         Harm     .   l - +2 pair of gloves {Dex+3}
MR       ++...     NoTele   +   g - +2 pair of boots {Fly}
Stlth    ..........             f - +3 amulet of reflection
Regen    0.8/turn               q - +3 ring of slaying
MPRegen  0.2/turn               r - +5 ring of protection

@: mighty, lethally poisoned (-5 -> -9), gold aura, flying, slowed, very slow
A: retaliatory headbutt, horns 2, icy blue scales 1, yellow scales 1, clumsy 1,
deterioration 1, regeneration 1, shaggy fur 1
a: Potion Petition, Call Merchant, Bribe Branch, Renounce Religion, Stop Flying


You were in the Dungeon.
You worshipped Gozag.
Gozag was greatly pleased with you.
You were very full.

You visited 1 branch You collected 15882 gold pieces.
You spent 4375 gold pieces at shops.
You paid 5573 gold pieces to Gozag.

Inventory:

Hand Weapons
 b - the +10 falchion "Ogrebane" (weapon) {flame, Dex+4}
   (You found it in the Dungeon)

   It has been specially enchanted to burn those struck by it, causing extra
   injury to most foes and up to half again as much damage against particularly
   susceptible opponents.
   Big, fiery blades are also staple armaments of hydra-hunters.
   It affects your dexterity (+4).
Armour
 d - a +0 hat (worn)
 g - a +2 pair of boots of flying (worn)
 h - a cursed +0 large shield (worn)
 j - the +3 plate armour of Cuilyak {rF- rC+ Regen+, unknown}
   (You found it in the Dungeon)

   It makes you vulnerable to fire.
   It protects you from cold.
   It increases your rate of regeneration.
 l - a +2 pair of gloves of dexterity (worn)
 t - the +0 cloak of Life (worn) {MR+ Slay+2 SInv}
   (You found it in the Dungeon)

   It affects your accuracy and damage with ranged weapons and melee attacks
   (+2).
   It affects your resistance to hostile enchantments.
   It lets you see invisible.
 v - the +6 plate armour of Tenacity (worn) {Slay+2 SInv}
   (You bought it in a shop in the Dungeon)

   It affects your accuracy and damage with ranged weapons and melee attacks
   (+2).
   It lets you see invisible.
Jewellery
 f - a +3 amulet of reflection (around neck)
 q - a +3 ring of slaying (left hand)
 r - a +5 ring of protection (right hand)
 x - the ring of Zioc {rPois rC+ Str+4 Int-2 Dex+5, unknown}
   (You found it in the Dungeon)

   [ring of protection from cold]

   It affects your strength (+4).
   It affects your intelligence (-2).
   It affects your dexterity (+5).
   It protects you from cold.
   It protects you from poison.
 z - the ring of Phasing {EV+8}
   (You found it in the Dungeon)

   [ring of evasion]

   It affects your evasion (+8).
 A - a cursed -5 ring of dexterity {unknown}
Scrolls
 a - a scroll of enchant weapon
 k - a scroll of blinking
 n - a scroll of remove curse
 p - a scroll of random uselessness
 u - 4 scrolls of identify
 y - 2 scrolls of amnesia
Potions
 e - 5 potions of curing
 i - 14 potions of magic
 s - a potion of cancellation
 w - 3 potions of haste
Comestibles
 o - 2 bread rations


   Skills:
 + Level 22.5 Fighting
 + Level 22.4 Long Blades
 + Level 22.5 Armour
 + Level 22.5 Shields


You had 13 spell levels left.
You didn't know any spells.

Dungeon Overview and Level Annotations

Branches:
Dungeon (1/1)

Altars:
Cheibriados
Dithmenos
Elyvilon
Fedhas
Gozag
Hepliaklqana
Kikubaaqudgha
Makhleb
Nemelex Xobeh
Okawaru
Qazlal
Ru
Sif Muna
Trog
Uskayaw
Vehumet
Wu Jian
Xom
Yredelemnul
Zin
The Shining One
Beogh
Jiyva
Lugonu

Shops:
D *:[(:?*!:[*?=::==}!}?(}[}=%![[([%

Annotations:
D exclusions: obsidian statue and oklob plant, Gloorx Vloq, Roxanne


Innate Abilities, Weirdness & Mutations

You reflexively headbutt those who attack you in melee.
You have a pair of horns on your head.
You are partially covered in icy blue scales. (AC +2)
You are partially covered in yellow scales. (AC +2)
You are clumsy. (Dex -2)
Your body sometimes deteriorates upon taking damage.
Your natural rate of healing is unusually fast.
You are covered in fur. (AC +1)


Message History

* * * LOW HITPOINT WARNING * * *
The Executioner hits you but does no damage. x2
The Executioner barely misses you. You furiously retaliate!
You headbutt the Executioner!!
You riposte.
You slash the Executioner! You burn the Executioner.
The Executioner is heavily wounded.
The Executioner hits you but does no damage. x2
You block the Executioner's attack. x2
The Executioner hits you but does no damage. x2
You block the Executioner's attack. x3; The Executioner closely misses you.
The Executioner hits you but does no damage. x4
There is an open door, spattered with blood here.
You feel better.
You are engulfed in dark miasma.
You are poisoned.
* * * LOW HITPOINT WARNING * * *
You feel very sick.
The Executioner hits you but does no damage. x3
The Executioner hits you!
You die...
Your body crumbles into a pile of gold. ###### #=}.[# ▓▓▓▓▓▓▓ ###|.[!##▓.M§..+ $ $$ #.?......▓..W.n▓ $$ #........▓ G1Wz▓

▓▓▓$ $ ##⌠....#'▓▓ W.V▓ ..▓$
##....#..▓▓▓V▓▓▓▓.▓ $ .
##§'##...@1&.▓0..▓ $ §§
##§...###.#1§§▓▓▓▓▓▓▓▓▓▓ ▓▓ ..
#)≈.....#.#§§.▓≈≈≈§§§§≈▓▓▓.
+#+++
####.((.#!##).▓▓▓▓▓▓▓▓▓▓▓▓'
.....
#).'....#..#}§▓...)....▓▓.. #+##
#..####.#..#..▓((...(..▓▓.⌠
#.##.####..'.##.#:)▓...).(..▓▓..
###.#
...#..#.∩.####▓(..).[..▓▓..
.#.####..#####..#
.#▓.(((.)[(▓▓.∩


You could see Gloorx Vloq, a vampire knight (invisible), 2 Executioners and a
jiangshi.

Vanquished Creatures
  A golden dragon (D)
  A hellephant (D)
  An electric golem (D)
  A bone dragon (D)
  A deep elf blademaster (D)
  A deep elf master archer (D)
  A kraken (D)
  2 sphinxes (D)
  Kirke (D)
  Gastronok (D)
  A storm dragon (D)
  A frost giant (D)
  A cacodemon (D)
  A draconian shifter (D)
  A dire elephant (D)
  A crystal guardian (D)
  A deep elf high priest (D)
  A yaktaur captain (D)
  A centaur warrior (D)
  A death yak (D)
  An iron golem (D)
  Sonja (D)
  A skeletal warrior (D)
  3 sixfirhies (D)
  2 death drakes (D)
  2 unseen horrors (D)
  2 deep trolls (D)
  A glowing orange brain (D)
  A harpy (D)
  3 manticores (D)
  15 shining eyes (D)
  3 orc sorcerers (D)
  A merfolk siren (D)
  A toenail golem (D)
  An elephant (D)
  2 spiny frogs (D)
  An eye of devastation (D)
  A kobold demonologist (D)
  A yaktaur (D)
  5 polar bears (D)
  A hornet (D)
  3 slime creatures (D)
  5 hippogriffs (D)
  6 flying skulls (D)
  2 redbacks (D)
  2 wyverns (D)
  3 yaks (D)
  Menkaure (D)
  3 soldier ants (D)
  2 swamp drakes (D)
  10 floating eyes (D)
  3 black bears (D)
  5 necrophages (D)
  4 crocodiles (D)
  2 earth elementals (D)
  9 electric eels (D)
  An iron imp (D)
  A hell rat (D)
  4 worker ants (D)
  A spectral adder (D)
  A spectral leopard gecko (D)
  4 tentacles (D)
142 creatures vanquished.

Vanquished Creatures (others)
  A golden eye (D)
  16 tentacles (D)
17 creatures vanquished.

Grand Total: 159 creatures vanquished

Notes
Turn   | Place    | Note
-------+----------+-------------------------------------------
     0 | D        | potatolord5000 the Minotaur Fighter began the quest for the Orb.
     0 | D        | Reached XP level 1. HP: 19/19 MP: 0/0
     3 | D        | Noticed a hippogriff
     3 | D        | Noticed a hippogriff
    14 | D        | Killed a hippogriff
    14 | D        | Reached XP level 2. HP: 26/34 MP: 1/1
    14 | D        | Reached XP level 3. HP: 30/39 MP: 2/2
    14 | D        | Reached XP level 4. HP: 36/47 MP: 3/3
    14 | D        | Reached XP level 5. HP: 40/52 MP: 4/4
    18 | D        | Killed a hippogriff
    18 | D        | Reached XP level 6. HP: 36/63 MP: 5/5
    38 | D        | Reached XP level 7. HP: 42/71 MP: 6/6
    40 | D        | Reached skill level 10 in Fighting
    40 | D        | Reached skill level 10 in Armour
    40 | D        | Reached skill level 10 in Shields
    46 | D        | Reached skill level 10 in Long Blades
    53 | D        | Noticed a merfolk siren
    58 | D        | Killed a merfolk siren
    58 | D        | Reached XP level 8. HP: 43/79 MP: 7/7
   221 | D        | Found Caovui's Jewellery Shoppe.
   221 | D        | Found Doathit's Food Shoppe.
   221 | D        | Found Inniqum's Antique Armour Emporium.
   221 | D        | Found Xasu's Gadget Emporium.
   221 | D        | Found Redah's Gadget Shoppe.
   221 | D        | Found Qakoison's Gadget Shoppe.
   222 | D        | Found Curghyir's Jewellery Shoppe.
   222 | D        | Found Zoegriaq's Jewellery Emporium.
   223 | D        | Found Zuqoal's Jewellery Shoppe.
   223 | D        | Found Voadduth's Magic Scroll Emporium.
   224 | D        | Found Valluurph's Distillery.
   224 | D        | Noticed an iron elemental
   225 | D        | Found Akhlakh's Book Shoppe.
   225 | D        | Found Zuumit's Distillery.
   225 | D        | Noticed Menkaure
   225 | D        | Noticed an oklob plant
   226 | D        | Found Innosed's Antique Weapon Shoppe.
   226 | D        | Found Cuilloho's Antique Armour Emporium.
   226 | D        | Found Miazegh's Book Shoppe.
   240 | D        | Killed Menkaure
   248 | D        | Bought a cloak for 135 gold pieces
   248 | D        | Bought a pair of embroidered boots for 225 gold pieces
   248 | D        | Bought a pitted chain mail for 285 gold pieces
   248 | D        | Bought a pair of embroidered gloves for 225 gold pieces
   268 | D        | Identified the +7 chain mail "Bismusk" {rElec MR+} (You bought it in a shop in the Dungeon)
   275 | D        | Noticed a hell hog
   286 | D        | Noticed a fire dragon
   287 | D        | Noticed a hell hog
   360 | D        | Noticed an obsidian statue
   374 | D        | Found a glowing silver altar of Zin.
   374 | D        | Found a radiant altar of Vehumet.
   375 | D        | Found a glowing golden altar of the Shining One.
   375 | D        | Found a basalt altar of Yredelemnul.
   375 | D        | Found a hide-covered altar of Uskayaw.
   375 | D        | Found a sparkling altar of Nemelex Xobeh.
   376 | D        | Found a shimmering altar of Xom.
   376 | D        | Found a bloodstained altar of Trog.
   376 | D        | Found a burning altar of Makhleb.
   377 | D        | Found an ornate altar of the Wu Jian Council.
   377 | D        | Found a deep blue altar of Sif Muna.
   377 | D        | Found a corrupted altar of Lugonu.
   377 | D        | Found a blossoming altar of Fedhas.
   378 | D        | Found a sacrificial altar of Ru.
   378 | D        | Found an ancient bone altar of Kikubaaqudgha.
   378 | D        | Found a white marble altar of Elyvilon.
   379 | D        | Found a stormy altar of Qazlal.
   379 | D        | Found a viscous altar of Jiyva.
   379 | D        | Found a shadowy altar of Dithmenos.
   380 | D        | Found a hazy altar of Hepliaklqana.
   380 | D        | Found a snail-covered altar of Cheibriados.
   382 | D        | Noticed a polar bear
   382 | D        | Found a roughly hewn altar of Beogh.
   382 | D        | Noticed a hornet
   383 | D        | Noticed a polar bear
   383 | D        | Noticed a polar bear
   383 | D        | Found an opulent altar of Gozag.
   383 | D        | Found an iron altar of Okawaru.
   383 | D        | Noticed a yaktaur
   391 | D        | Became a worshipper of Gozag Ym Sagoz the Greedy
   397 | D        | Killed a polar bear
   401 | D        | Killed a polar bear
   402 | D        | Killed a hornet
   405 | D        | Killed a yaktaur
   405 | D        | Reached XP level 9. HP: 78/89 MP: 8/8
   572 | D        | Killed a polar bear
   653 | D        | Bought a +3 amulet of reflection for 172 gold pieces
   693 | D        | Noticed Roxanne
   721 | D        | Noticed a kraken
   907 | D        | Bought a +5 ring of protection for 770 gold pieces
  2278 | D        | Noticed a deep troll
  2278 | D        | Noticed a deep troll
  2287 | D        | Killed a deep troll
  2293 | D        | Killed a deep troll
  2324 | D        | Noticed a sphinx
  2324 | D        | Noticed a sphinx
  2336 | D        | Killed a sphinx
  2336 | D        | Reached XP level 10. HP: 91/104 MP: 9/9
  2344 | D        | Killed a sphinx
  2344 | D        | Reached skill level 15 in Fighting
  2344 | D        | Reached skill level 15 in Long Blades
  2344 | D        | Reached skill level 15 in Armour
  2344 | D        | Reached skill level 15 in Shields
  2369 | D        | Bought a +4 falchion of slicing for 397 gold pieces
  2411 | D        | Killed a kraken
  2411 | D        | Reached XP level 11. HP: 61/114 MP: 10/10
  2593 | D        | Noticed Sonja
  2593 | D        | Noticed a hellephant
  2593 | D        | Noticed a black draconian shifter
  2593 | D        | Noticed a glowing orange brain
  2602 | D        | Killed a glowing orange brain
  2630 | D        | Killed a black draconian shifter
  2663 | D        | Killed a hellephant
  2959 | D        | Killed Sonja
  3008 | D        | Noticed a harpy
  3009 | D        | Noticed a deep elf blademaster
  3012 | D        | Killed a harpy
  3021 | D        | Killed a deep elf blademaster
  3025 | D        | Reached XP level 12. HP: 127/127 MP: 11/11
  3187 | D        | Noticed a dire elephant
  3222 | D        | Killed a dire elephant
  3231 | D        | Got a slimy pewter ring
  3248 | D        | Got a clouded lead ring
  3268 | D        | Identified a scroll of acquirement
  3269 | D        | Got a vibrating amber ring
  3274 | D        | Identified the ring "Atuen" {rF++ Int+5 Dex-4 Stlth+} (You acquired it in the Dungeon)
  3277 | D        | Identified the ring "Dumoc" {rElec Stlth-} (You found it in the Dungeon)
  3280 | D        | Identified the cursed ring "Ahayki" {rC+ AC-6 Int+3 Dex+2} (You found it in the Dungeon)
  3296 | D        | Got an ancient falchion
  3298 | D        | Got a twisted falchion
  3302 | D        | Got a faintly glowing cloak
  3313 | D        | Identified the cursed +0 cloak of Life {MR+ Slay+2 SInv} (You found it in the Dungeon)
  3507 | D        | Noticed Gastronok
  3515 | D        | Killed Gastronok
  3531 | D        | Identified the +10 falchion "Ogrebane" {flame, Dex+4} (You found it in the Dungeon)
  3632 | D        | Gained mutation: You are resistant to hostile enchantments. (MR+) [a shining eye]
  3632 | D        | Gained mutation: Scrolls take you a little longer to read. [a shining eye]
  3632 | D        | Gained mutation: Your muscles are strong. (Str +2) [a shining eye]
  3632 | D        | Paralysed by a floating eye for 2 turns
  3639 | D        | Paralysed by a floating eye for 2 turns
  3642 | D        | Gained mutation: You are clumsy. (Dex -2) [a shining eye]
  3644 | D        | Lost mutation: Your muscles are strong. (Str +2) [a shining eye]
  3644 | D        | Gained mutation: Your body sometimes deteriorates upon taking damage. [a shining eye]
  3647 | D        | Paralysed by a floating eye for 4 turns
  3651 | D        | Gained mutation: You expend magic power (3 MP) to strengthen your wands. [a shining eye]
  3652 | D        | Gained mutation: You occasionally shout uncontrollably at your foes. [a shining eye]
  3654 | D        | Paralysed by a floating eye for 3 turns
  3655 | D        | Gained mutation: You are frail. (-10% HP) [a shining eye]
  3656 | D        | Gained mutation: You are very frail. (-20% HP) [a shining eye]
  3656 | D        | Gained mutation: Your body often deteriorates upon taking damage. [a shining eye]
  3657 | D        | Gained mutation: You are extremely frail. (-30% HP) [a shining eye]
  3661 | D        | Gained mutation: Your magical capacity is low. (-10% MP) [a shining eye]
  3661 | D        | Paralysed by a floating eye for 3 turns
  3667 | D        | Paralysed by a floating eye for 2 turns
  3674 | D        | Paralysed by a floating eye for 4 turns
  3675 | D        | Gained mutation: Scrolls take you longer to read. [a shining eye]
  3685 | D        | Paralysed by a floating eye for 2 turns
  3695 | D        | Paralysed by a floating eye for 4 turns
  3707 | D        | Paralysed by a floating eye for 2 turns
  3711 | D        | Paralysed by a floating eye for 3 turns
  3711 | D        | Gained mutation: You are very clumsy. (Dex -4) [a shining eye]
  3717 | D        | Reached XP level 13. HP: 96/96 MP: 10/10
  3754 | D        | Bought a meat ration for 60 gold pieces
  3754 | D        | Bought a meat ration for 60 gold pieces
  3754 | D        | Bought a bread ration for 60 gold pieces
  3863 | D        | Bought a potion of might for 40 gold pieces
  3863 | D        | Bought a potion of agility for 40 gold pieces
  3863 | D        | Bought a potion of cancellation for 80 gold pieces
  3863 | D        | Bought a potion of mutation for 80 gold pieces
  3863 | D        | Bought a potion of resistance for 100 gold pieces
  3863 | D        | Bought a potion of mutation for 80 gold pieces
  3863 | D        | Bought a potion of might for 40 gold pieces
  3863 | D        | Bought a potion of curing for 30 gold pieces
  3863 | D        | Lost mutation: You occasionally shout uncontrollably at your foes. [potion of mutation]
  3863 | D        | Lost mutation: Scrolls take you longer to read. [potion of mutation]
  3863 | D        | Lost mutation: Your body often deteriorates upon taking damage. [potion of mutation]
  3863 | D        | Gained mutation: You are partially covered in icy blue scales. (AC +2) [potion of mutation]
  3863 | D        | Gained mutation: You are covered in fur. (AC +1) [potion of mutation]
  3864 | D        | Lost mutation: Your body sometimes deteriorates upon taking damage. [potion of mutation]
  3864 | D        | Lost mutation: You are extremely frail. (-30% HP) [potion of mutation]
  3864 | D        | Lost mutation: You expend magic power (3 MP) to strengthen your wands. [potion of mutation]
  3864 | D        | Gained mutation: You are dopey. (Int -2) [potion of mutation]
  3864 | D        | Lost mutation: You are dopey. (Int -2) [potion of mutation]
  3865 | D        | Lost mutation: You are resistant to hostile enchantments. (MR+) [potion of mutation]
  3865 | D        | Lost mutation: You are very frail. (-20% HP) [potion of mutation]
  3865 | D        | Lost mutation: Your magical capacity is low. (-10% MP) [potion of mutation]
  3865 | D        | Lost mutation: You are frail. (-10% HP) [potion of mutation]
  3865 | D        | Lost mutation: You are very clumsy. (Dex -4) [potion of mutation]
  3865 | D        | Gained mutation: Your natural rate of healing is unusually fast. [potion of mutation]
  3865 | D        | Gained mutation: You are partially covered in yellow scales. (AC +2) [potion of mutation]
  3944 | D        | Noticed Kirke
  3946 | D        | Noticed a golden dragon
  3946 | D        | Noticed a cacodemon
  3947 | D        | Noticed a bone dragon
  3950 | D        | Noticed a frost giant
  3956 | D        | Gained mutation: Your body sometimes deteriorates upon taking damage. [a cacodemon]
  3958 | D        | Killed a cacodemon
  3959 | D        | Noticed a storm dragon
  3972 | D        | Killed a golden dragon
  3983 | D        | Killed a bone dragon
  3996 | D        | Killed Kirke
  4001 | D        | Killed a storm dragon
  4006 | D        | Killed a frost giant
  4099 | D        | Lost mutation: Scrolls take you a little longer to read. [a shining eye]
  4135 | D        | Found Diulip's Assorted Antiques.
  4135 | D        | Found Itzaasan's Magic Scroll Shop.
  4135 | D        | Found Mevoariq's Book Shop.
  4135 | D        | Found Fobaqyub's Assorted Antiques.
  4135 | D        | Found Awnosiog's Assorted Antiques.
  4136 | D        | Found Feimis's Antique Armour Shoppe.
  4136 | D        | Found Wulyibit's Book Boutique.
  4136 | D        | Found Dutruimn's Gadget Emporium.
  4136 | D        | Found Ujyr's Magic Scroll Shop.
  4136 | D        | Found Ubafe's Book Emporium.
  4136 | D        | Found Muluint's Distillery.
  4136 | D        | Found Potism's Antique Weapon Shoppe.
  4145 | D        | Bought a potion of cancellation for 88 gold pieces
  4145 | D        | Bought a potion of resistance for 110 gold pieces
  4145 | D        | Bought a potion of might for 44 gold pieces
  4145 | D        | Bought a potion of curing for 33 gold pieces
  4145 | D        | Bought a potion of heal wounds for 55 gold pieces
  4145 | D        | Bought a potion of curing for 33 gold pieces
  4147 | D        | Bought a scroll of identify for 22 gold pieces
  4147 | D        | Bought a scroll of identify for 22 gold pieces
  4147 | D        | Bought a scroll of identify for 22 gold pieces
  4147 | D        | Bought a scroll of identify for 22 gold pieces
  4147 | D        | Bought 2 scrolls of identify for 44 gold pieces
  4150 | D        | Bought a jewelled plate armour for 840 gold pieces
  4150 | D        | Identified the +6 plate armour of Tenacity {Slay+2 SInv} (You bought it in a shop in the Dungeon)
  4167 | D        | Bought a shiny large shield for 127 gold pieces
  4167 | D        | Bought a scroll of identify for 34 gold pieces
  4269 | D        | Noticed a crystal guardian
  4300 | D        | Killed a crystal guardian
  4303 | D        | Reached XP level 14. HP: 96/151 MP: 13/13
  4643 | D        | Noticed a deep elf master archer
  4649 | D        | Killed a deep elf master archer
  4806 | D        | Got a warped wooden ring
  4810 | D        | Identified the ring of the Country {rCorr rF+} (You found it in the Dungeon)
  4820 | D        | Noticed an electric golem
  4831 | D        | Killed an electric golem
  4872 | D        | Got a heavily runed plate armour
  4875 | D        | Got a scorched brass ring
  4883 | D        | Noticed a curse toe
  4883 | D        | Noticed a greater mummy
  4883 | D        | Noticed Gloorx Vloq
  4883 | D        | Noticed a vampire knight
  4885 | D        | Noticed an Executioner
  4885 | D        | Noticed an Executioner
  4887 | D        | Noticed an Executioner
  4887 | D        | Noticed an Executioner
  4889 | D        | HP: 3/155 [Executioner[Gloorx Vloq] (14)]
  4890 | D        | Slain by an Executioner

Vault maps used:
D:        the_violet_keep_of_menkaure

Skill      XL: |  1  2  3  4  5  6  7  8  9 10 11 12 13 14 |
---------------+-------------------------------------------+-----
Fighting       | 7 9 11 12 14 15 17 19 21 22 | 22.5
Long Blades    | 6 8 9 10 12 14 15 17 19 21 22 | 22.4
Armour         | 7 9 11 12 14 15 17 19 21 22 | 22.5
Shields        | 7 9 11 12 14 15 17 19 21 22 | 22.5

Action                   |  1- 3 |  4- 6 |  7- 9 | 10-12 | 13-15 || total
-------------------------+-------+-------+-------+-------+-------++-------
Melee: Long sword        |     8 |    14 |    86 |     8 |       ||   116
       Headbutt          |     2 |     1 |    38 |    79 |    77 ||   197
       Falchion          |       |       |       |   249 |   189 ||   438
Invok: Potion Petition   |       |       |     1 |     1 |       ||     2
       Call Merchant     |       |       |       |     3 |     2 ||     5
  Use: Potion            |     3 |       |     8 |     7 |    19 ||    37
       Scroll            |       |       |     6 |     7 |     3 ||    16
 Stab: Distracted        |       |       |     1 |     3 |     4 ||     8
  Eat: Bread ration      |       |       |     1 |       |       ||     1
       Royal jelly       |       |       |       |     2 |       ||     2
       Fruit             |       |       |       |     1 |       ||     1
       Meat ration       |       |       |       |       |     2 ||     2
Armor: Scale mail        |     8 |     2 |     4 |       |       ||    14
       Chain mail        |       |       |    54 |    63 |    34 ||   151
       Plate armour      |       |       |       |       |    81 ||    81
Dodge: Dodged            |     5 |     5 |    21 |    38 |    54 ||   123
Block: Shield            |     6 |     8 |    62 |    93 |    44 ||   213
       Reflection        |       |       |       |     3 |     5 ||     8
       Large shield      |       |       |       |       |   122 ||   122
       Rpst.: Long sword |       |     1 |     3 |       |       ||     4
       Falchion          |       |       |       |     7 |    11 ||    18
